WCHLSIM.com - West Coast Hockey League
html PUBLIC "-//W3C//DTD XHTML 1.0 Transitional//EN" "http://www.w3.org/TR/xhtml1/DTD/xhtml1-transitional.dtd"> WCHL - Game 437 - LOS ANGELES SEALS vs PHOENIX MUSTANGS

LOS ANGELES SEALS vs PHOENIX MUSTANGS

Created - 16 décembre 2022 at 07:34

Goals
1 2 3 T
LOS ANGELES SEALS 1 1 1 3
PHOENIX MUSTANGS 0 1 1 2
Shots
1 2 3 T
LOS ANGELES SEALS 8 8 8 24
PHOENIX MUSTANGS 12 7 14 33

1st period

1. LOS ANGELES SEALS , Nick Bonino 4 (Nicolas Roy 9) at 13:20

Penalties :
Dylan Strome (LOS) for Roughing (Minor) at 15:15

2nd period

2. PHOENIX MUSTANGS , Clayton Keller 13 (Jeff Petry 6) at 2:26
3. LOS ANGELES SEALS , Gustav Nyquist 8 (Dylan Strome 16, Filip Hronek 4) at 4:52

Penalties :
Filip Hronek (LOS) for Roughing (Minor) at 2:33, Brandon Carlo (LOS) for Hooking (Minor) at 10:13, Jeremy Lauzon (PHX) for Tripping (Minor) at 15:13

3rd period

4. PHOENIX MUSTANGS , Ryan O'Reilly 8 (Teuvo Teravainen 23, Andrew Copp 10) at 8:39
5. LOS ANGELES SEALS , Nick Bonino 5 (Mikael Backlund 12) at 17:08

Penalties :
Dean Kukan (LOS) for Hooking (Minor) at 13:18

Goalie Stats

Linus Ullmark (LOS), 31 saves from 33 shots - (0,939), W, 11-8-3, 60:00 minutes
Jack Campbell (PHX), 21 saves from 24 shots - (0,875), L, 14-7-1, 60:00 minutes

Players Stats for LOS ANGELES SEALS

Player Name              G  A  P  +/- PIM S  H  SB GA TA FO     MP     PP MP  PK MP  
------------------------------------------------------------------------------------
Brady Skjei              0  0  0  -1  0   0  3  2  0  0  0/0    26:42   0:55   5:25 
Brandon Carlo            0  0  0  -1  2   0  1  3  0  0  0/0    22:47   0:54   2:11 
Christian Dvorak         0  0  0  -1  0   1  0  0  0  0  6/14   13:29   0:00   2:31 
Dean Kukan               0  0  0   1  2   1  2  1  0  0  0/0    18:46   0:28   0:46 
Dylan Strome             0  1  1   1  2   2  0  0  0  0  11/26  17:44   1:04   0:00 
Filip Hronek             0  1  1   1  2   2  0  0  0  0  0/0    22:59   1:13   3:40 
Gustav Nyquist           1  0  1   1  0   4  0  0  0  0  0/0    18:28   0:55   0:00 
Juho Lammikko            0  0  0   0  0   1  0  0  0  0  2/4     8:06   0:00   0:00 
Kyle Clifford            0  0  0   0  0   0  1  0  0  0  0/1     8:06   0:00   0:00 
Marcus Pettersson        0  0  0   2  0   0  5  1  0  0  0/0    21:19   0:28   3:50 
Matthew Boldy            0  0  0  -1  0   2  0  0  0  0  1/1    12:02   1:04   0:00 
Mikael Backlund          0  1  1   1  0   2  1  0  0  0  9/19   19:32   0:55   2:31 
Nick Bonino              2  0  2   1  0   4  0  0  0  0  2/8    18:53   0:00   5:25 
Nicolas Roy              0  1  1   1  0   0  5  0  0  0  1/1    19:48   0:55   5:25 
Nikita Kucherov          0  0  0   1  0   4  1  0  0  0  0/1    18:37   1:04   0:00 
Noah Dobson              0  0  0   0  0   0  0  2  0  0  0/0     5:38   0:00   0:00 
Owen Tippett             0  0  0  -1  0   1  0  0  0  0  0/0    10:58   0:00   0:00 
Philip Tomasino          0  0  0   0  0   0  0  0  0  0  0/1     8:06   0:00   0:00 

Players Stats for PHOENIX MUSTANGS

Player Name              G  A  P  +/- PIM S  H  SB GA TA FO     MP     PP MP  PK MP  
------------------------------------------------------------------------------------
Andrew Copp              0  1  1   1  0   0  1  0  0  0  1/2    19:49   3:44   1:01 
Clayton Keller           1  0  1   0  0   5  0  1  0  0  1/2    20:14   4:12   0:00 
Damon Severson           0  0  0   0  0   1  2  0  0  0  0/0    24:04   3:44   1:02 
David Perron             0  0  0   0  0   3  1  1  0  0  1/1    20:14   4:12   0:00 
Dustin Brown             0  0  0   0  0   2  1  0  0  0  0/0    15:02   3:44   0:00 
Erik Karlsson            0  0  0   0  0   1  0  0  0  0  0/0    25:05   4:12   0:57 
Jason Spezza             0  0  0   0  0   0  0  0  0  0  6/14   11:18   0:00   0:00 
Jeff Petry               0  1  1   0  0   1  0  1  0  0  0/0    21:22   3:44   0:57 
Jeremy Lauzon            0  0  0  -1  2   0  5  0  0  0  0/0    14:05   0:00   0:00 
Jesper Fast              0  0  0   0  0   3  0  0  0  0  1/1    12:19   0:00   1:01 
John Tavares             0  0  0   0  0   4  1  0  0  0  19/30  20:14   4:12   0:00 
Marco Scandella          0  0  0  -1  0   1  0  0  0  0  0/0    13:28   0:00   0:00 
Ondrej Kase              0  0  0  -2  0   2  0  0  0  0  0/2     7:41   0:00   0:00 
Radko Gudas              0  0  0   0  0   1  3  2  0  0  0/0    17:43   0:00   1:02 
Rasmus Asplund           0  0  0  -2  0   1  0  0  0  0  3/5     7:41   0:00   0:00 
Ryan O'Reilly            1  0  1   1  0   4  0  0  0  0  12/19  19:46   3:44   0:58 
Teuvo Teravainen         0  1  1   1  0   3  2  1  0  0  0/0    20:14   4:12   0:58 
Tyler Motte              0  0  0  -2  0   1  1  0  0  0  0/0     7:41   0:00   0:00 

3 Stars

1 - Nick Bonino (LOS)
2 - Nicolas Roy (LOS)
3 - Gustav Nyquist (LOS)

Power Play

LOS ANGELES SEALS - 0 on 1 Attempt(s) - 0,00%
PHOENIX MUSTANGS - 0 on 4 Attempt(s) - 0,00%

Penalty Kill

LOS ANGELES SEALS - 4 on 4 Attempt(s) - 100,00% - Score 0 goal in Penalty Kill
PHOENIX MUSTANGS - 1 on 1 Attempt(s) - 100,00% - Score 0 goal in Penalty Kill

Team Stat

LOS ANGELES SEALS - Hits : 19 - Faceoff Wins : 32 - Blocked Shots : 9 - Penalty Minutes : 8
PHOENIX MUSTANGS - Hits : 17 - Faceoff Wins : 44 - Blocked Shots : 6 - Penalty Minutes : 2

Official

Referees : Reid Anderson and Kendrick Nicholson
Linesman : Travis Gawryletz and Bevan Mills

Game Notes

Noah Dobson is injured at 14:47 of 1st period (Bruised Right Foot)

Finance

Level 1 -- Attendance: 6314 (97,14%) -- Ticket Income 915 530 $
Level 2 -- Attendance: 5713 (97,66%) -- Ticket Income 399 910 $
Level 3 -- Attendance: 2639 (87,97%) -- Ticket Income 118 755 $
Level 4 -- Attendance: 4000 (100,00%) -- Ticket Income 140 000 $
Luxury Box -- Attendance: 1000 (100,00%) -- Ticket Income 250 000 $
Game was played at the Mustangs Palace.
Total Attendance: 19666 (96,64%)
Total Ticket Income: 1 824 195 $
Other Expense: 18 242 $
Total Income: 1 805 953 $

LOS ANGELES SEALS

5 vs 5 Forward 
   Center                   Left Wing                Right Wing               Time % Phy DF OF 
 1 Dylan Strome             Gustav Nyquist           Nikita Kucherov          36     1   2  2  
 2 Mikael Backlund          Nick Bonino              Nicolas Roy              31     1   2  2  
 3 Christian Dvorak         Matthew Boldy            Owen Tippett             23     1   2  2  
 4 Juho Lammikko            Kyle Clifford            Philip Tomasino          10     1   2  2  

5 vs 5 Defense 
   Defense                  Defense                                           Time % Phy DF OF 
 1 Dean Kukan               Brady Skjei                                       36     1   2  2  
 2 Noah Dobson              Filip Hronek                                      31     1   2  2  
 3 Brandon Carlo            Marcus Pettersson                                 23     1   2  2  
 4 Noah Dobson              Brady Skjei                                       10     1   2  2  

PowerPlay Forward 
   Center                   Left Wing                Right Wing               Time % Phy DF OF 
 1 Dylan Strome             Matthew Boldy            Nikita Kucherov          55     1   2  2  
 2 Mikael Backlund          Gustav Nyquist           Nicolas Roy              45     1   2  2  

PowerPlay Defense
   Defense                  Defense                                           Time % Phy DF OF 
 1 Brandon Carlo            Brady Skjei                                       55     1   2  2  
 2 Noah Dobson              Filip Hronek                                      45     1   2  2  

Penalty Kill 4 Players Forward 
   Center                   Wing                     Time % Phy DF OF 
 1 Nick Bonino              Nicolas Roy              55     1   2  2  
 2 Mikael Backlund          Christian Dvorak         45     1   2  2  

Penalty Kill 4 Players Defense
   Defense                  Defense                  Time % Phy DF OF 
 1 Marcus Pettersson        Brady Skjei              55     1   2  2  
 2 Noah Dobson              Filip Hronek             45     1   2  2  

Penalty Kill - 3 Players Forward 
   Forward                                           Time % Phy DF OF 
 1 Mikael Backlund                                   55     1   2  2  
 2 Nick Bonino                                       45     1   2  2  

Penalty Kill - 3 Players Defense
   Defense                  Defense                  Time % Phy DF OF 
 1 Marcus Pettersson        Brady Skjei              55     1   2  2  
 2 Noah Dobson              Filip Hronek             45     1   2  2  

4 vs 4 Forward 
   Center                   Wing                     Time % Phy DF OF 
 1 Nikita Kucherov          Mikael Backlund          55     1   2  2  
 2 Gustav Nyquist           Nicolas Roy              45     1   2  2  

4 vs 4 Defense
   Defense                  Defense                  Time % Phy DF OF 
 1 Brandon Carlo            Brady Skjei              55     1   2  2  
 2 Noah Dobson              Filip Hronek             45     1   2  2  

Last Minutes Offensive
   Center                   Left Wing                Right Wing               Defense                  Defense                  
   Mikael Backlund          Gustav Nyquist           Nikita Kucherov          Dean Kukan               Brady Skjei              

Last Minutes Defensive
   Center                   Left Wing                Right Wing               Defense                  Defense                  
   Mikael Backlund          Gustav Nyquist           Nikita Kucherov          Dean Kukan               Brady Skjei              

Goaltenders
Starting : Linus Ullmark            
Backup : Cal Petersen             

Extra Forwards
Normal : Kyle Clifford, Matthew Boldy, Christian Dvorak - PP : Kyle Clifford, Matthew Boldy - PK : Christian Dvorak
Extra Defensemen
Normal : Brandon Carlo, Marcus Pettersson, Noah Dobson - PP : Brandon Carlo - PK : Marcus Pettersson, Noah Dobson
Penalty Shots
Nikita Kucherov, Mikael Backlund, Gustav Nyquist, Nicolas Roy, Nick Bonino
Custom OT Lines Forwards
Nikita Kucherov, Mikael Backlund, Gustav Nyquist, Nicolas Roy, Nick Bonino, Dylan Strome, Matthew Boldy, Christian Dvorak, Owen Tippett, Juho Lammikko
Custom OT Lines Defensemen
Marcus Pettersson, Brady Skjei, Noah Dobson, Filip Hronek, Brandon Carlo

Scratches
Torey Krug (Healthy)

PHOENIX MUSTANGS

5 vs 5 Forward 
   Center                   Left Wing                Right Wing               Time % Phy DF OF 
 1 John Tavares             Clayton Keller           David Perron             35     0   2  3  
 2 Ryan O'Reilly            Andrew Copp              Teuvo Teravainen         32     0   2  3  
 3 Jason Spezza             Dustin Brown             Jesper Fast              23     0   3  2  
 4 Rasmus Asplund           Tyler Motte              Ondrej Kase              10     0   3  2  

5 vs 5 Defense 
   Defense                  Defense                                           Time % Phy DF OF 
 1 Erik Karlsson            Damon Severson                                    40     0   3  2  
 2 Jeff Petry               Radko Gudas                                       38     0   3  2  
 3 Jeremy Lauzon            Marco Scandella                                   22     0   3  2  
 4 Erik Karlsson            Jeremy Lauzon                                     0      0   3  2  

PowerPlay Forward 
   Center                   Left Wing                Right Wing               Time % Phy DF OF 
 1 John Tavares             Teuvo Teravainen         Clayton Keller           60     0   1  4  
 2 Ryan O'Reilly            Andrew Copp              Dustin Brown             40     0   1  4  

PowerPlay Defense
   Defense                  Defense                                           Time % Phy DF OF 
 1 Erik Karlsson            David Perron                                      58     0   1  4  
 2 Damon Severson           Jeff Petry                                        42     0   1  4  

Penalty Kill 4 Players Forward 
   Center                   Wing                     Time % Phy DF OF 
 1 Andrew Copp              Jesper Fast              50     1   2  2  
 2 Ryan O'Reilly            Teuvo Teravainen         50     1   2  2  

Penalty Kill 4 Players Defense
   Defense                  Defense                  Time % Phy DF OF 
 1 Radko Gudas              Damon Severson           58     1   2  2  
 2 Erik Karlsson            Jeff Petry               42     1   2  2  

Penalty Kill - 3 Players Forward 
   Forward                                           Time % Phy DF OF 
 1 Andrew Copp                                       50     0   4  1  
 2 Jesper Fast                                       50     0   4  1  

Penalty Kill - 3 Players Defense
   Defense                  Defense                  Time % Phy DF OF 
 1 Damon Severson           Radko Gudas              50     0   4  1  
 2 Erik Karlsson            Marco Scandella          50     0   4  1  

4 vs 4 Forward 
   Center                   Wing                     Time % Phy DF OF 
 1 John Tavares             Teuvo Teravainen         50     0   2  3  
 2 David Perron             Clayton Keller           50     0   2  3  

4 vs 4 Defense
   Defense                  Defense                  Time % Phy DF OF 
 1 Jeff Petry               Erik Karlsson            50     0   2  3  
 2 Damon Severson           Marco Scandella          50     0   2  3  

Last Minutes Offensive
   Center                   Left Wing                Right Wing               Defense                  Defense                  
   John Tavares             Teuvo Teravainen         Clayton Keller           Erik Karlsson            Damon Severson           

Last Minutes Defensive
   Center                   Left Wing                Right Wing               Defense                  Defense                  
   Andrew Copp              Teuvo Teravainen         Jesper Fast              Radko Gudas              Erik Karlsson            

Goaltenders
Starting : Jack Campbell            
Backup : Joonas Korpisalo         

Extra Forwards
Normal : Clayton Keller, Andrew Copp, John Tavares - PP : Ryan O'Reilly, Teuvo Teravainen - PK : Jesper Fast
Extra Defensemen
Normal : Damon Severson, Erik Karlsson, Jeff Petry - PP : Radko Gudas - PK : Marco Scandella, Jeremy Lauzon
Penalty Shots
Clayton Keller, David Perron, John Tavares, Ryan O'Reilly, Teuvo Teravainen
Custom OT Lines Forwards
John Tavares, Teuvo Teravainen, Clayton Keller, Ryan O'Reilly, Andrew Copp, David Perron, Jesper Fast, Dustin Brown, Rasmus Asplund, Jason Spezza
Custom OT Lines Defensemen
Erik Karlsson, Damon Severson, Jeff Petry, Radko Gudas, Marco Scandella

Scratches
Frederick Gaudreau (Right Wrist Injury)

% Time on Ice - LOS ANGELES SEALS

Lines # - Real PCT - Wanted PCT - Time Play
Normal Forward
1 - 34% - 36% - 16:41
2 - 27% - 31% - 13:28
3 - 22% - 23% - 10:58
4 - 16% - 10% - 8:06
Normal Defense
1 - 26% - 36% - 12:35
2 - 42% - 31% - 20:27
3 - 17% - 23% - 8:33
4 - 16% - 10% - 7:38
PP Forward
1 - 54% - 55% - 1:04
2 - 46% - 45% - 0:55
PP Defense
1 - 0% - 55% - 0:00
2 - 100% - 45% - 1:59
PK Forward
1 - 68% - 55% - 5:25
2 - 32% - 45% - 2:31
PK Defense
1 - 18% - 55% - 1:25
2 - 82% - 45% - 6:31
PK3 Forward
1 - 0% - 55%
2 - 0% - 45%
PK3 Defense
1 - 0% - 55%
2 - 0% - 45%
44 Forward
1 - 0% - 55%
2 - 0% - 45%
44 Defense
1 - 0% - 55%
2 - 0% - 45%
Last Minute Offensive  - 0:00
Last Minute Defensive  - 0:52
Total
Forward - 60:00
Defense - 60:00

% Time on Ice - PHOENIX MUSTANGS

Lines # - Real PCT - Wanted PCT - Time Play
Normal Forward
1 - 32% - 35% - 16:02
2 - 30% - 32% - 15:04
3 - 23% - 23% - 11:18
4 - 15% - 10% - 7:41
Normal Defense
1 - 39% - 40% - 19:18
2 - 33% - 38% - 16:41
3 - 27% - 22% - 13:28
4 - 1% - 0% - 0:38
PP Forward
1 - 53% - 60% - 4:12
2 - 47% - 40% - 3:44
PP Defense
1 - 53% - 58% - 4:12
2 - 47% - 42% - 3:44
PK Forward
1 - 51% - 50% - 1:01
2 - 49% - 50% - 0:58
PK Defense
1 - 52% - 58% - 1:02
2 - 48% - 42% - 0:57
PK3 Forward
1 - 0% - 50%
2 - 0% - 50%
PK3 Defense
1 - 0% - 50%
2 - 0% - 50%
44 Forward
1 - 0% - 50%
2 - 0% - 50%
44 Defense
1 - 0% - 50%
2 - 0% - 50%
Last Minute Offensive  - 0:00
Last Minute Defensive  - 0:00
Total
Forward - 60:00
Defense - 60:00

Play-by-Play

1st period


0:01 of 1st period - John Tavares wins face-off versus Dylan Strome in neutral zone.
0:25 of 1st period - Shot by John Tavares.
0:25 of 1st period - Stopped by Linus Ullmark without a rebound.
0:26 of 1st period - Ryan O'Reilly wins face-off versus Mikael Backlund in LOS ANGELES SEALS zone.
0:42 of 1st period - Shot by Ryan O'Reilly.
0:42 of 1st period - Stopped by Linus Ullmark without a rebound.
0:43 of 1st period - Christian Dvorak wins face-off versus Jason Spezza in LOS ANGELES SEALS zone.
1:09 of 1st period - Matthew Boldy is hit by Jeremy Lauzon and loses puck.
1:53 of 1st period - Andrew Copp is hit by Mikael Backlund and loses puck.
2:14 of 1st period - Shot by Nick Bonino.
2:14 of 1st period - Shot Misses the Net.
2:29 of 1st period - Icing by Radko Gudas.
2:30 of 1st period - Dylan Strome wins face-off versus Ryan O'Reilly in PHOENIX MUSTANGS zone.
2:39 of 1st period - Shot by Dylan Strome.
2:39 of 1st period - Deflect By Nikita Kucherov.
2:39 of 1st period - Shot Misses the Net.
2:41 of 1st period - Shot by Nikita Kucherov.
2:41 of 1st period - Shot Misses the Net.
2:43 of 1st period - Shot by Dylan Strome.
2:43 of 1st period - Shot Blocked by Radko Gudas.
2:54 of 1st period - Ryan O'Reilly is hit by Brady Skjei and loses puck.
3:25 of 1st period - Shot by Clayton Keller.
3:25 of 1st period - Shot Misses the Net.
3:37 of 1st period - Shot by David Perron.
3:37 of 1st period - Stopped by Linus Ullmark without a rebound.
3:38 of 1st period - Mikael Backlund wins face-off versus Ondrej Kase in LOS ANGELES SEALS zone.
3:38 of 1st period - Mikael Backlund is hit by Jeremy Lauzon.
3:49 of 1st period - Shot by Ondrej Kase.
3:49 of 1st period - Deflect By Rasmus Asplund.
3:49 of 1st period - Shot Misses the Net.
3:51 of 1st period - Shot by Tyler Motte.
3:51 of 1st period - Shot Misses the Net.
3:53 of 1st period - Shot by Marco Scandella.
3:53 of 1st period - Shot Misses the Net.
4:09 of 1st period - Shot by Rasmus Asplund.
4:09 of 1st period - Shot Blocked by Noah Dobson.
4:11 of 1st period - Shot by Tyler Motte.
4:11 of 1st period - Shot Misses the Net.
4:13 of 1st period - Shot by Ondrej Kase.
4:13 of 1st period - Stopped by Linus Ullmark with a rebound.
4:15 of 1st period - Shot by Ondrej Kase.
4:15 of 1st period - Deflect By Rasmus Asplund.
4:15 of 1st period - Stopped by Linus Ullmark without a rebound.
4:16 of 1st period - Juho Lammikko wins face-off versus John Tavares in LOS ANGELES SEALS zone.
4:23 of 1st period - Clayton Keller is hit by Kyle Clifford and loses puck.
5:14 of 1st period - Shot by Gustav Nyquist.
5:14 of 1st period - Stopped by Jack Campbell without a rebound.
5:15 of 1st period - Christian Dvorak wins face-off versus Jason Spezza in PHOENIX MUSTANGS zone.
5:18 of 1st period - Shot by Matthew Boldy.
5:18 of 1st period - Stopped by Jack Campbell without a rebound.
5:19 of 1st period - Dylan Strome wins face-off versus Jason Spezza in PHOENIX MUSTANGS zone.
5:36 of 1st period - Shot by Jesper Fast.
5:36 of 1st period - Shot Misses the Net.
5:47 of 1st period - Icing by Brady Skjei.
5:48 of 1st period - Ryan O'Reilly wins face-off versus Dylan Strome in LOS ANGELES SEALS zone.
5:59 of 1st period - Shot by Andrew Copp.
5:59 of 1st period - Deflect By Ryan O'Reilly.
5:59 of 1st period - Shot Misses the Net.
6:11 of 1st period - Shot by Teuvo Teravainen.
6:11 of 1st period - Stopped by Linus Ullmark without a rebound.
6:12 of 1st period - Christian Dvorak wins face-off versus John Tavares in LOS ANGELES SEALS zone.
6:24 of 1st period - Christian Dvorak is hit by Damon Severson and loses puck.
7:12 of 1st period - Icing by Brandon Carlo.
7:13 of 1st period - Christian Dvorak wins face-off versus Ryan O'Reilly in LOS ANGELES SEALS zone.
7:46 of 1st period - Shot by Nick Bonino.
7:46 of 1st period - Deflect By Mikael Backlund.
7:46 of 1st period - Shot Misses the Net.
7:48 of 1st period - Shot by Nick Bonino.
7:48 of 1st period - Stopped by Jack Campbell with a rebound.
8:21 of 1st period - Icing by Brady Skjei.
8:22 of 1st period - Rasmus Asplund wins face-off versus Mikael Backlund in LOS ANGELES SEALS zone.
8:56 of 1st period - Icing by Rasmus Asplund.
8:57 of 1st period - Rasmus Asplund wins face-off versus Dylan Strome in PHOENIX MUSTANGS zone.
9:48 of 1st period - Icing by Noah Dobson.
9:49 of 1st period - Jesper Fast wins face-off versus Dylan Strome in LOS ANGELES SEALS zone.
9:54 of 1st period - Shot by Jesper Fast.
9:54 of 1st period - Stopped by Linus Ullmark with a rebound.
9:56 of 1st period - Shot by Dustin Brown.
9:56 of 1st period - Stopped by Linus Ullmark with a rebound.
9:58 of 1st period - Shot by Radko Gudas.
9:58 of 1st period - Shot Misses the Net.
10:00 of 1st period - Shot by Radko Gudas.
10:00 of 1st period - Stopped by Linus Ullmark without a rebound.
10:01 of 1st period - John Tavares wins face-off versus Christian Dvorak in LOS ANGELES SEALS zone.
10:26 of 1st period - Shot by John Tavares.
10:26 of 1st period - Shot Misses the Net.
11:31 of 1st period - Shot by Nicolas Roy.
11:31 of 1st period - Shot Blocked by Radko Gudas.
11:33 of 1st period - Shot by Dean Kukan.
11:33 of 1st period - Stopped by Jack Campbell with a rebound.
11:35 of 1st period - Shot by Nicolas Roy.
11:35 of 1st period - Shot Blocked by Jeff Petry.
11:37 of 1st period - Shot by Mikael Backlund.
11:37 of 1st period - Stopped by Jack Campbell without a rebound.
11:38 of 1st period - Dylan Strome wins face-off versus Ryan O'Reilly in PHOENIX MUSTANGS zone.
11:57 of 1st period - Shot by Nikita Kucherov.
11:57 of 1st period - Stopped by Jack Campbell with a rebound.
12:09 of 1st period - Shot by Teuvo Teravainen.
12:09 of 1st period - Shot Misses the Net.
12:11 of 1st period - Shot by Erik Karlsson.
12:11 of 1st period - Shot Misses the Net.
12:50 of 1st period - Philip Tomasino is hit by Jeremy Lauzon and loses puck.
13:00 of 1st period - Off-side.
13:01 of 1st period - Mikael Backlund wins face-off versus Rasmus Asplund in neutral zone.
13:20 of 1st period - Shot by Nick Bonino.
13:20 of 1st period - Goal by Nick Bonino - LOS ANGELES SEALS : 1 - PHOENIX MUSTANGS : 0.
13:21 of 1st period - Christian Dvorak wins face-off versus Jason Spezza in neutral zone.
13:48 of 1st period - Shot by Jesper Fast.
13:48 of 1st period - Shot Misses the Net.
13:54 of 1st period - Shot by Dustin Brown.
13:54 of 1st period - Shot Blocked by Brady Skjei.
13:56 of 1st period - Shot by Jeremy Lauzon.
13:56 of 1st period - Shot Misses the Net.
13:58 of 1st period - Shot by Jesper Fast.
13:58 of 1st period - Stopped by Linus Ullmark without a rebound.
13:59 of 1st period - Dylan Strome wins face-off versus John Tavares in LOS ANGELES SEALS zone.
14:01 of 1st period - Icing by Nikita Kucherov.
14:02 of 1st period - Dylan Strome wins face-off versus John Tavares in LOS ANGELES SEALS zone.
14:10 of 1st period - Icing by David Perron.
14:11 of 1st period - David Perron wins face-off versus Dylan Strome in PHOENIX MUSTANGS zone.
14:24 of 1st period - Shot by John Tavares.
14:24 of 1st period - Stopped by Linus Ullmark without a rebound.
14:25 of 1st period - Nicolas Roy wins face-off versus Ryan O'Reilly in LOS ANGELES SEALS zone.
14:25 of 1st period - Nicolas Roy is hit by Andrew Copp.
14:47 of 1st period - Shot by Andrew Copp.
14:47 of 1st period - Shot Blocked by Noah Dobson.
14:47 of 1st period - Noah Dobson from LOS ANGELES SEALS is injured at 14:47 of 1st period (Bruised Right Foot).
14:48 of 1st period - John Tavares wins face-off versus Dylan Strome in LOS ANGELES SEALS zone.
14:49 of 1st period - Shot by Clayton Keller.
14:49 of 1st period - Shot Misses the Net.
14:51 of 1st period - Shot by Jeff Petry.
14:51 of 1st period - Stopped by Linus Ullmark without a rebound.
14:52 of 1st period - John Tavares wins face-off versus Dylan Strome in LOS ANGELES SEALS zone.
15:15 of 1st period - Minor Penalty to Dylan Strome for Roughing.
15:16 of 1st period - Ryan O'Reilly wins face-off versus Nick Bonino in LOS ANGELES SEALS zone.
16:01 of 1st period - Shot by Andrew Copp.
16:01 of 1st period - Shot Misses the Net.
17:30 of 1st period - Shot by Gustav Nyquist.
17:30 of 1st period - Stopped by Jack Campbell without a rebound.
17:31 of 1st period - Rasmus Asplund wins face-off versus Kyle Clifford in PHOENIX MUSTANGS zone.
18:20 of 1st period - Teuvo Teravainen is hit by Marcus Pettersson and loses puck.
18:47 of 1st period - Shot by Teuvo Teravainen.
18:47 of 1st period - Shot Misses the Net.
19:37 of 1st period - Shot by David Perron.
19:37 of 1st period - Shot Misses the Net.
Goals for this period are 1 for LOS ANGELES SEALS vs 0 for PHOENIX MUSTANGS.
Shots for this period are 8 for LOS ANGELES SEALS vs 12 for PHOENIX MUSTANGS.

2nd period


0:01 of 2nd period - Mikael Backlund wins face-off versus Jason Spezza in neutral zone.
0:13 of 2nd period - Icing by Jeff Petry.
0:14 of 2nd period - Dylan Strome wins face-off versus Jason Spezza in PHOENIX MUSTANGS zone.
0:27 of 2nd period - Off-side.
0:28 of 2nd period - Ryan O'Reilly wins face-off versus Mikael Backlund in neutral zone.
0:32 of 2nd period - Andrew Copp is hit by Dean Kukan and loses puck.
1:49 of 2nd period - Shot by Christian Dvorak.
1:49 of 2nd period - Stopped by Jack Campbell without a rebound.
1:50 of 2nd period - John Tavares wins face-off versus Dylan Strome in PHOENIX MUSTANGS zone.
1:54 of 2nd period - Off-side.
1:55 of 2nd period - Dylan Strome wins face-off versus John Tavares in neutral zone.
1:55 of 2nd period - Dylan Strome is hit by John Tavares.
2:08 of 2nd period - Icing by Jeff Petry.
2:09 of 2nd period - John Tavares wins face-off versus Mikael Backlund in PHOENIX MUSTANGS zone.
2:26 of 2nd period - Shot by Clayton Keller.
2:26 of 2nd period - Goal by Clayton Keller - LOS ANGELES SEALS : 1 - PHOENIX MUSTANGS : 1.
2:27 of 2nd period - Jason Spezza wins face-off versus Dylan Strome in neutral zone.
2:33 of 2nd period - Minor Penalty to Filip Hronek for Roughing.
2:34 of 2nd period - Clayton Keller wins face-off versus Nick Bonino in LOS ANGELES SEALS zone.
2:43 of 2nd period - Shot by Teuvo Teravainen.
2:43 of 2nd period - Stopped by Linus Ullmark without a rebound.
2:44 of 2nd period - Nick Bonino wins face-off versus John Tavares in LOS ANGELES SEALS zone.
3:12 of 2nd period - Icing by Clayton Keller.
3:13 of 2nd period - Mikael Backlund wins face-off versus John Tavares in PHOENIX MUSTANGS zone.
3:22 of 2nd period - Shot by Brady Skjei.
3:22 of 2nd period - Shot Misses the Net.
4:50 of 2nd period - Shot by Dylan Strome.
4:50 of 2nd period - Stopped by Jack Campbell with a rebound.
4:52 of 2nd period - Shot by Gustav Nyquist.
4:52 of 2nd period - Goal by Gustav Nyquist - LOS ANGELES SEALS : 2 - PHOENIX MUSTANGS : 1.
4:53 of 2nd period - Jason Spezza wins face-off versus Juho Lammikko in neutral zone.
5:09 of 2nd period - Shot by Philip Tomasino.
5:09 of 2nd period - Shot Misses the Net.
5:11 of 2nd period - Shot by Filip Hronek.
5:11 of 2nd period - Stopped by Jack Campbell without a rebound.
5:12 of 2nd period - John Tavares wins face-off versus Mikael Backlund in PHOENIX MUSTANGS zone.
5:12 of 2nd period - John Tavares is hit by Nicolas Roy.
5:15 of 2nd period - Icing by David Perron.
5:16 of 2nd period - Dylan Strome wins face-off versus Clayton Keller in PHOENIX MUSTANGS zone.
5:31 of 2nd period - Shot by Nikita Kucherov.
5:31 of 2nd period - Stopped by Jack Campbell without a rebound.
5:32 of 2nd period - Mikael Backlund wins face-off versus Ryan O'Reilly in PHOENIX MUSTANGS zone.
5:39 of 2nd period - Shot by Nick Bonino.
5:39 of 2nd period - Shot Blocked by Teuvo Teravainen.
6:25 of 2nd period - Icing by Ryan O'Reilly.
6:26 of 2nd period - Ryan O'Reilly wins face-off versus Nikita Kucherov in PHOENIX MUSTANGS zone.
6:55 of 2nd period - Shot by Nikita Kucherov.
6:55 of 2nd period - Shot Blocked by David Perron.
7:01 of 2nd period - Shot by Nikita Kucherov.
7:01 of 2nd period - Shot Misses the Net.
7:03 of 2nd period - Shot by Dylan Strome.
7:03 of 2nd period - Stopped by Jack Campbell with a rebound.
7:10 of 2nd period - John Tavares is hit by Brady Skjei and loses puck.
7:28 of 2nd period - Icing by John Tavares.
7:29 of 2nd period - John Tavares wins face-off versus Christian Dvorak in PHOENIX MUSTANGS zone.
7:31 of 2nd period - Icing by Clayton Keller.
7:32 of 2nd period - John Tavares wins face-off versus Christian Dvorak in PHOENIX MUSTANGS zone.
7:53 of 2nd period - Shot by Matthew Boldy.
7:53 of 2nd period - Shot Misses the Net.
8:13 of 2nd period - Off-side.
8:14 of 2nd period - Mikael Backlund wins face-off versus Jason Spezza in neutral zone.
8:48 of 2nd period - Dustin Brown is hit by Nicolas Roy and loses puck.
9:30 of 2nd period - Shot by Nikita Kucherov.
9:30 of 2nd period - Shot Hit the Post.
9:36 of 2nd period - Dylan Strome is hit by Teuvo Teravainen and loses puck.
9:42 of 2nd period - Teuvo Teravainen is hit by Brandon Carlo and loses puck.
9:49 of 2nd period - Shot by Teuvo Teravainen.
9:49 of 2nd period - Deflect By Ryan O'Reilly.
9:49 of 2nd period - Shot Blocked by Brandon Carlo.
10:12 of 2nd period - Icing by Filip Hronek.
10:13 of 2nd period - John Tavares wins face-off versus Dylan Strome in LOS ANGELES SEALS zone.
10:13 of 2nd period - Minor Penalty to Brandon Carlo for Hooking.
10:14 of 2nd period - John Tavares wins face-off versus Nick Bonino in LOS ANGELES SEALS zone.
10:14 of 2nd period - Clayton Keller is hit by Marcus Pettersson and loses puck.
10:42 of 2nd period - Shot by Teuvo Teravainen.
10:42 of 2nd period - Shot Blocked by Brady Skjei.
10:44 of 2nd period - Shot by Erik Karlsson.
10:44 of 2nd period - Stopped by Linus Ullmark without a rebound.
10:45 of 2nd period - Ryan O'Reilly wins face-off versus Mikael Backlund in LOS ANGELES SEALS zone.
10:50 of 2nd period - Shot by Ryan O'Reilly.
10:50 of 2nd period - Stopped by Linus Ullmark without a rebound.
10:51 of 2nd period - Ryan O'Reilly wins face-off versus Nick Bonino in LOS ANGELES SEALS zone.
11:50 of 2nd period - Shot by John Tavares.
11:50 of 2nd period - Deflect By Clayton Keller.
11:50 of 2nd period - Shot Misses the Net.
11:52 of 2nd period - Shot by Teuvo Teravainen.
11:52 of 2nd period - Shot Misses the Net.
12:00 of 2nd period - Shot by Clayton Keller.
12:00 of 2nd period - Stopped by Linus Ullmark without a rebound.
12:01 of 2nd period - John Tavares wins face-off versus Mikael Backlund in LOS ANGELES SEALS zone.
12:13 of 2nd period - Clayton Keller is hit by Marcus Pettersson and loses puck.
12:20 of 2nd period - Shot by Ondrej Kase.
12:20 of 2nd period - Shot Misses the Net.
12:46 of 2nd period - Shot by Nikita Kucherov.
12:46 of 2nd period - Stopped by Jack Campbell without a rebound.
12:47 of 2nd period - John Tavares wins face-off versus Christian Dvorak in PHOENIX MUSTANGS zone.
13:18 of 2nd period - Shot by John Tavares.
13:18 of 2nd period - Stopped by Linus Ullmark without a rebound.
13:19 of 2nd period - Jason Spezza wins face-off versus Dylan Strome in LOS ANGELES SEALS zone.
13:28 of 2nd period - Jeff Petry is hit by Nikita Kucherov and loses puck.
13:46 of 2nd period - Nikita Kucherov is hit by Radko Gudas and loses puck.
13:56 of 2nd period - Gustav Nyquist is hit by Radko Gudas.
14:32 of 2nd period - Shot by John Tavares.
14:32 of 2nd period - Deflect By Clayton Keller.
14:32 of 2nd period - Shot Blocked by Brandon Carlo.
14:34 of 2nd period - Shot by David Perron.
14:34 of 2nd period - Shot Misses the Net.
14:42 of 2nd period - Shot by John Tavares.
14:42 of 2nd period - Deflect By Clayton Keller.
14:42 of 2nd period - Shot Blocked by Brandon Carlo.
14:46 of 2nd period - Shot by John Tavares.
14:46 of 2nd period - Stopped by Linus Ullmark without a rebound.
14:47 of 2nd period - Christian Dvorak wins face-off versus Ryan O'Reilly in LOS ANGELES SEALS zone.
14:47 of 2nd period - Matthew Boldy is hit by Jeremy Lauzon and loses puck.
15:11 of 2nd period - Matthew Boldy is hit by Jeremy Lauzon and loses puck.
15:13 of 2nd period - Minor Penalty to Jeremy Lauzon for Tripping.
15:14 of 2nd period - Dylan Strome wins face-off versus Andrew Copp in PHOENIX MUSTANGS zone.
16:03 of 2nd period - Jeff Petry is hit by Nicolas Roy and loses puck.
16:36 of 2nd period - Shot by Dylan Strome.
16:36 of 2nd period - Shot Misses the Net.
16:54 of 2nd period - Shot by Matthew Boldy.
16:54 of 2nd period - Stopped by Jack Campbell without a rebound.
16:55 of 2nd period - Andrew Copp wins face-off versus Mikael Backlund in PHOENIX MUSTANGS zone.
18:46 of 2nd period - Tyler Motte is hit by Nicolas Roy and loses puck.
19:15 of 2nd period - Shot by Nikita Kucherov.
19:15 of 2nd period - Shot Misses the Net.
19:21 of 2nd period - Mikael Backlund is hit by Tyler Motte and loses puck.
Goals for this period are 1 for LOS ANGELES SEALS vs 1 for PHOENIX MUSTANGS.
Shots for this period are 8 for LOS ANGELES SEALS vs 7 for PHOENIX MUSTANGS.

3rd period


0:01 of 3rd period - John Tavares wins face-off versus Christian Dvorak in neutral zone.
0:35 of 3rd period - Christian Dvorak is hit by Radko Gudas and loses puck.
0:40 of 3rd period - Shot by Christian Dvorak.
0:40 of 3rd period - Deflect By Matthew Boldy.
0:40 of 3rd period - Shot Misses the Net.
1:15 of 3rd period - Shot by Nicolas Roy.
1:15 of 3rd period - Shot Misses the Net.
2:08 of 3rd period - Shot by Jesper Fast.
2:08 of 3rd period - Shot Misses the Net.
2:10 of 3rd period - Shot by Marco Scandella.
2:10 of 3rd period - Stopped by Linus Ullmark without a rebound.
2:11 of 3rd period - Dylan Strome wins face-off versus Rasmus Asplund in LOS ANGELES SEALS zone.
2:42 of 3rd period - Shot by Tyler Motte.
2:42 of 3rd period - Stopped by Linus Ullmark with a rebound.
2:44 of 3rd period - Shot by Ondrej Kase.
2:44 of 3rd period - Stopped by Linus Ullmark without a rebound.
2:45 of 3rd period - John Tavares wins face-off versus Christian Dvorak in LOS ANGELES SEALS zone.
2:45 of 3rd period - John Tavares is hit by Brady Skjei.
3:05 of 3rd period - Shot by Owen Tippett.
3:05 of 3rd period - Shot Misses the Net.
3:21 of 3rd period - Shot by Matthew Boldy.
3:21 of 3rd period - Deflect By Owen Tippett.
3:21 of 3rd period - Shot Misses the Net.
4:34 of 3rd period - Teuvo Teravainen is hit by Marcus Pettersson and loses puck.
4:41 of 3rd period - Shot by Teuvo Teravainen.
4:41 of 3rd period - Stopped by Linus Ullmark with a rebound.
4:50 of 3rd period - Icing by Dean Kukan.
4:51 of 3rd period - Jason Spezza wins face-off versus Philip Tomasino in LOS ANGELES SEALS zone.
5:08 of 3rd period - Jason Spezza is hit by Marcus Pettersson and loses puck.
5:31 of 3rd period - Jesper Fast is hit by Dean Kukan and loses puck.
5:46 of 3rd period - Shot by Ondrej Kase.
5:46 of 3rd period - Shot Blocked by Dean Kukan.
5:48 of 3rd period - Shot by Ondrej Kase.
5:48 of 3rd period - Shot Misses the Net.
5:50 of 3rd period - Shot by Damon Severson.
5:50 of 3rd period - Stopped by Linus Ullmark without a rebound.
5:51 of 3rd period - Mikael Backlund wins face-off versus Ryan O'Reilly in LOS ANGELES SEALS zone.
7:21 of 3rd period - Shot by Clayton Keller.
7:21 of 3rd period - Shot Misses the Net.
7:31 of 3rd period - Shot by David Perron.
7:31 of 3rd period - Stopped by Linus Ullmark without a rebound.
7:32 of 3rd period - Jason Spezza wins face-off versus Christian Dvorak in LOS ANGELES SEALS zone.
7:39 of 3rd period - Shot by Jesper Fast.
7:39 of 3rd period - Shot Misses the Net.
7:55 of 3rd period - Shot by Dustin Brown.
7:55 of 3rd period - Stopped by Linus Ullmark with a rebound.
7:57 of 3rd period - Shot by Dustin Brown.
7:57 of 3rd period - Shot Misses the Net.
7:59 of 3rd period - Shot by Radko Gudas.
7:59 of 3rd period - Shot Misses the Net.
8:01 of 3rd period - Shot by Jesper Fast.
8:01 of 3rd period - Stopped by Linus Ullmark with a rebound.
8:39 of 3rd period - Shot by Ryan O'Reilly.
8:39 of 3rd period - Goal by Ryan O'Reilly - LOS ANGELES SEALS : 2 - PHOENIX MUSTANGS : 2.
8:40 of 3rd period - Dylan Strome wins face-off versus John Tavares in neutral zone.
8:43 of 3rd period - Shot by Nikita Kucherov.
8:43 of 3rd period - Shot Blocked by Clayton Keller.
8:56 of 3rd period - Off-side.
8:57 of 3rd period - Ryan O'Reilly wins face-off versus Juho Lammikko in neutral zone.
9:18 of 3rd period - Shot by Ryan O'Reilly.
9:18 of 3rd period - Deflect By Teuvo Teravainen.
9:18 of 3rd period - Shot Misses the Net.
9:33 of 3rd period - Icing by Dean Kukan.
9:34 of 3rd period - Juho Lammikko wins face-off versus John Tavares in LOS ANGELES SEALS zone.
9:34 of 3rd period - Juho Lammikko is hit by David Perron.
10:20 of 3rd period - Shot by David Perron.
10:20 of 3rd period - Shot Misses the Net.
10:53 of 3rd period - Shot by Mikael Backlund.
10:53 of 3rd period - Deflect By Nick Bonino.
10:53 of 3rd period - Stopped by Jack Campbell without a rebound.
10:54 of 3rd period - Ryan O'Reilly wins face-off versus Dylan Strome in PHOENIX MUSTANGS zone.
10:59 of 3rd period - Gustav Nyquist is hit by Teuvo Teravainen and loses puck.
11:06 of 3rd period - Shot by Ryan O'Reilly.
11:06 of 3rd period - Stopped by Linus Ullmark without a rebound.
11:07 of 3rd period - Mikael Backlund wins face-off versus Ondrej Kase in LOS ANGELES SEALS zone.
11:12 of 3rd period - Rasmus Asplund is hit by Nicolas Roy and loses puck.
11:28 of 3rd period - Mikael Backlund is hit by Damon Severson and loses puck.
11:39 of 3rd period - Shot by Mikael Backlund.
11:39 of 3rd period - Stopped by Jack Campbell without a rebound.
11:40 of 3rd period - John Tavares wins face-off versus Dylan Strome in PHOENIX MUSTANGS zone.
11:55 of 3rd period - Shot by Gustav Nyquist.
11:55 of 3rd period - Stopped by Jack Campbell without a rebound.
11:56 of 3rd period - Ryan O'Reilly wins face-off versus Christian Dvorak in PHOENIX MUSTANGS zone.
12:32 of 3rd period - Shot by Owen Tippett.
12:32 of 3rd period - Stopped by Jack Campbell without a rebound.
12:33 of 3rd period - John Tavares wins face-off versus Dylan Strome in PHOENIX MUSTANGS zone.
12:56 of 3rd period - Shot by Clayton Keller.
12:56 of 3rd period - Stopped by Linus Ullmark without a rebound.
12:57 of 3rd period - Jason Spezza wins face-off versus Mikael Backlund in LOS ANGELES SEALS zone.
13:18 of 3rd period - Minor Penalty to Dean Kukan for Hooking.
13:19 of 3rd period - John Tavares wins face-off versus Nick Bonino in LOS ANGELES SEALS zone.
13:22 of 3rd period - Shot by David Perron.
13:22 of 3rd period - Shot Misses the Net.
13:24 of 3rd period - Shot by Clayton Keller.
13:24 of 3rd period - Stopped by Linus Ullmark without a rebound.
13:25 of 3rd period - Nick Bonino wins face-off versus John Tavares in LOS ANGELES SEALS zone.
13:37 of 3rd period - Shot by David Perron.
13:37 of 3rd period - Stopped by Linus Ullmark without a rebound.
13:38 of 3rd period - Ryan O'Reilly wins face-off versus Nick Bonino in LOS ANGELES SEALS zone.
15:13 of 3rd period - Shot by Clayton Keller.
15:13 of 3rd period - Stopped by Linus Ullmark with a rebound.
15:15 of 3rd period - Shot by Erik Karlsson.
15:15 of 3rd period - Shot Blocked by Marcus Pettersson.
15:29 of 3rd period - Shot by Rasmus Asplund.
15:29 of 3rd period - Shot Misses the Net.
15:41 of 3rd period - Shot by Rasmus Asplund.
15:41 of 3rd period - Shot Misses the Net.
16:23 of 3rd period - Christian Dvorak is hit by Dustin Brown and loses puck.
17:04 of 3rd period - Shot by Juho Lammikko.
17:04 of 3rd period - Stopped by Jack Campbell without a rebound.
17:05 of 3rd period - Mikael Backlund wins face-off versus John Tavares in PHOENIX MUSTANGS zone.
17:08 of 3rd period - Shot by Nick Bonino.
17:08 of 3rd period - Goal by Nick Bonino - LOS ANGELES SEALS : 3 - PHOENIX MUSTANGS : 2.
17:09 of 3rd period - Ryan O'Reilly wins face-off versus Mikael Backlund in neutral zone.
17:56 of 3rd period - Shot by Nikita Kucherov.
17:56 of 3rd period - Stopped by Jack Campbell without a rebound.
17:57 of 3rd period - John Tavares wins face-off versus Dylan Strome in PHOENIX MUSTANGS zone.
18:13 of 3rd period - Shot by Nikita Kucherov.
18:13 of 3rd period - Shot Misses the Net.
18:25 of 3rd period - Shot by Nikita Kucherov.
18:25 of 3rd period - Shot Misses the Net.
18:27 of 3rd period - Shot by Filip Hronek.
18:27 of 3rd period - Stopped by Jack Campbell without a rebound.
18:28 of 3rd period - Matthew Boldy wins face-off versus Jason Spezza in PHOENIX MUSTANGS zone.
19:33 of 3rd period - Shot by Gustav Nyquist.
19:33 of 3rd period - Shot Misses the Net.
19:41 of 3rd period - Shot by Mikael Backlund.
19:41 of 3rd period - Shot Misses the Net.
Goals for this period are 1 for LOS ANGELES SEALS vs 1 for PHOENIX MUSTANGS.
Shots for this period are 8 for LOS ANGELES SEALS vs 14 for PHOENIX MUSTANGS.


RYAN
NUGENT-HOPKINS
THATCHER
DEMKO
MITCHELL
MARNER

EAST COAST

HOCKEY LEAGUE

  • 13.MAN3PIT5
  • 14.NHW2ATL3
  • 15.PET5WOR4
  • 16.RHI30
  • 17.QUECHI
  • 18.CHALIM
  • 19.TRVLON
  • 20.CHWBAL